Canadiens vs Kings

Created - 14 février 2015 at 20:41

Goals
1 2 3 OT1 T
Canadiens 0 1 1 0 2
Kings 2 0 0 1 3
Shots
1 2 3 OT1 T
Canadiens 8 14 9 0 31
Kings 9 16 6 2 33

1st period

1. Kings , Brian Gionta 2 (Brandon Dubinsky, Jamie Benn) at 3:50
2. Kings , Joe Sakic 19 (Mikkel Boedker) at 14:06

Penalties :
Mikkel Boedker (LAK) for Roughing (Minor) at 14:43

2nd period

3. Canadiens , Rene Bourque 21 (Patrick Marleau) at 15:08 (PP)

Penalties :
Milan Michalek (LAK) for Tripping (Minor) at 2:25, Nathan Dempsey (LAK) for Holding (Minor) at 10:45, Jamie Benn (LAK) for Interference (Minor) at 14:27, Anze Kopitar (LAK) for Elbowing (Minor) at 15:21

3rd period

4. Canadiens , Riley Cote 11 (Michel Ouellet, Jamie Lundmark) at 18:18

Penalties :
Josh Gorges (Mon) for Goalie Interference (Minor) at 1:03, Brooks Laich (Mon) for Holding (Minor) at 7:28, Marc-Édouard Vlasic (LAK) for Interference (Minor) at 10:40, Mats Sundin (Mon) for Interference (Minor) at 14:57

Overtime #1

5. Kings , Anze Kopitar 28 (Mikkel Boedker, Randy Jones) at 0:28

Penalties :
No Penalty

Goalie Stats

Miika Kiprusoff (Mon), 30 saves from 33 shots - (0,909), OTL, 13-13-5, 60:28 minutes
Jonathan Bernier (LAK), 29 saves from 31 shots - (0,935), W, 9-8-2, 60:28 minutes

Players Stats for Canadiens

Player Name              G  A  P  +/- PIM S  H  SB GA TA FO     MP     PP MP  PK MP  
------------------------------------------------------------------------------------
Brandon Prust            0  0  0  -1  0   0  1  0  0  0  0/0     9:23   0:00   1:15 
Brett Clark              0  0  0  -1  0   2  1  4  0  1  0/0    27:31   6:30   3:44 
Brooks Laich             0  0  0  -1  2   1  2  0  2  0  8/17   16:45   4:42   0:19 
Dennis Wideman           0  0  0  -1  0   1  1  2  1  0  0/0    27:31   6:30   3:44 
Jamie Lundmark           0  1  1   1  0   1  1  1  0  0  3/8     9:07   0:00   0:03 
Jiri Fischer             0  0  0  -2  0   0  0  0  0  1  0/0    21:42   4:06   2:13 
Josh Gorges              0  0  0  -2  2   1  1  0  0  3  0/0    21:05   4:06   1:37 
Ladislav Smid            0  0  0   1  0   1  0  1  1  0  0/0    11:26   0:00   0:02 
Marek Svatos             0  0  0  -1  0   5  1  0  0  0  0/0    18:03   4:42   1:51 
Mats Sundin              0  0  0   0  2   2  2  0  1  0  13/26  20:17   5:51   0:00 
Matt Carle               0  0  0   1  0   1  1  0  0  0  0/0    11:49   0:00   0:34 
Michel Ouellet           0  1  1   1  0   1  2  0  0  0  0/0     9:16   0:03   0:00 
Mikael Samuelsson        0  0  0  -1  0   0  1  0  1  0  0/0     8:08   0:03   0:00 
Patrick Marleau          0  1  1  -1  0   3  5  0  3  0  6/10   23:33   5:51   2:30 
Rene Bourque             1  0  1  -1  0   7  3  0  2  0  1/2    23:27   5:54   2:38 
Riley Cote               1  0  1   1  0   1  2  0  0  0  0/0    10:50   0:00   1:27 
Sergei Samsonov          0  0  0  -1  0   4  5  1  0  0  1/1    18:06   4:42   1:51 
Yan Stastny              0  0  0  -1  0   0  1  0  0  0  2/3     7:53   0:00   0:00 

Players Stats for Kings

Player Name              G  A  P  +/- PIM S  H  SB GA TA FO     MP     PP MP  PK MP  
------------------------------------------------------------------------------------
Anze Kopitar             1  0  1   1  2   5  3  0  0  1  14/23  20:53   3:11   1:28 
Blake Wheeler            0  0  0   1  0   0  0  2  0  0  1/5    18:46   2:42   3:32 
Boyd Devereaux           0  0  0   0  0   1  0  0  1  0  4/6    12:31   0:00   6:04 
Brandon Dubinsky         0  1  1   1  0   1  1  0  2  0  1/6     9:12   0:29   0:00 
Brian Gionta             1  0  1   0  0   2  0  0  0  0  0/0     9:17   0:00   0:00 
Jamie Benn               0  1  1   0  2   0  2  0  0  0  0/0    12:40   2:42   0:25 
Joe Sakic                1  0  1   0  0   1  1  1  0  1  11/22  19:17   0:00   6:11 
Jordan Eberle            0  0  0   0  0   4  0  0  0  0  1/3    18:12   3:01   0:00 
Kristopher Letang        0  0  0   1  0   4  2  1  1  1  0/0    25:46   2:39   4:02 
Marc-Édouard Vlasic      0  0  0   1  2   4  1  1  1  0  0/0    19:40   3:18   1:06 
Mikkel Boedker           0  2  2   2  2   3  5  0  0  2  1/2    16:23   2:49   0:00 
Milan Michalek           0  0  0   0  2   3  2  0  0  0  0/0    18:07   2:42   0:00 
Nathan Dempsey           0  0  0   2  2   1  2  4  0  1  0/0    22:45   1:18   5:10 
Nikolai Kulemin          0  0  0   0  0   0  0  0  0  1  0/0     6:01   0:15   0:00 
Nils Ekman               0  0  0   0  0   0  0  0  0  0  0/0     9:13   0:00   3:32 
Oliver Ekman-Larsson     0  0  0  -1  0   1  2  1  0  0  0/0    17:22   3:18   1:07 
Pernell Karl Subban      0  0  0   1  0   2  3  1  0  1  0/0    18:13   1:21   3:31 
Randy Jones              0  1  1   0  0   1  1  1  0  3  0/0    16:52   0:00   6:16 

3 Stars

1 - Mikkel Boedker (LAK)
2 - Riley Cote (Mon)
3 - Anze Kopitar (LAK)

Power Play

Canadiens - 1 on 6 Attempt(s) - 16,67%
Kings - 0 on 3 Attempt(s) - 0,00%

Penalty Kill

Canadiens - 3 on 3 Attempt(s) - 100,00% - Score 0 goal in Penalty Kill
Kings - 5 on 6 Attempt(s) - 83,33% - Score 0 goal in Penalty Kill

Team Stat

Canadiens - Hits : 30 - Faceoff Wins : 34 - Blocked Shots : 9 - Penalty Minutes : 6
Kings - Hits : 25 - Faceoff Wins : 33 - Blocked Shots : 12 - Penalty Minutes : 12

Official

Referees : Fraser Kerry and Hebert Ghislain
Linesman : Jean Morin and Mark Shewchyk

Game Notes

Pernell Karl Subban is injured at 6:23 of 3rd period (Broken Right Thumb)

Finance

Level 1 -- Attendance: 5525 (92,08%) -- Ticket Income 414 375 $
Level 2 -- Attendance: 4307 (86,14%) -- Ticket Income 215 350 $
Level 3 -- Attendance: 1720 (86,00%) -- Ticket Income 51 600 $
Level 4 -- Attendance: 3447 (86,18%) -- Ticket Income 68 940 $
Luxury Box -- Attendance: 870 (87,00%) -- Ticket Income 117 450 $
Game was played at the Staples Center'
Total Attendance: 15869 (88,16%)
Total Ticket Income: 867 715 $
Other Income: 130 157 $
Total Income: 997 872 $

Canadiens

5 vs 5 Forward 
   Center                   Left Wing                Right Wing               Time % Phy DF OF 
 1 Mats Sundin              Patrick Marleau          Rene Bourque             40     1   2  2  
 2 Brooks Laich             Sergei Samsonov          Marek Svatos             30     1   2  2  
 3 Jamie Lundmark           Riley Cote               Michel Ouellet           20     1   2  2  
 4 Yan Stastny              Brandon Prust            Mikael Samuelsson        10     1   2  2  

5 vs 5 Defense 
   Defense                  Defense                                           Time % Phy DF OF 
 1 Dennis Wideman           Brett Clark                                       40     1   2  2  
 2 Jiri Fischer             Josh Gorges                                       30     1   2  2  
 3 Ladislav Smid            Matt Carle                                        20     1   2  2  
 4 Dennis Wideman           Brett Clark                                       10     1   2  2  

PowerPlay Forward 
   Center                   Left Wing                Right Wing               Time % Phy DF OF 
 1 Mats Sundin              Patrick Marleau          Rene Bourque             60     1   2  2  
 2 Brooks Laich             Sergei Samsonov          Marek Svatos             40     1   2  2  

PowerPlay Defense
   Defense                  Defense                                           Time % Phy DF OF 
 1 Dennis Wideman           Brett Clark                                       60     1   2  2  
 2 Jiri Fischer             Josh Gorges                                       40     1   2  2  

Penalty Kill 4 Players Forward 
   Center                   Wing                     Time % Phy DF OF 
 1 Patrick Marleau          Rene Bourque             60     1   2  2  
 2 Marek Svatos             Sergei Samsonov          40     1   2  2  

Penalty Kill 4 Players Defense
   Defense                  Defense                  Time % Phy DF OF 
 1 Dennis Wideman           Brett Clark              60     1   2  2  
 2 Jiri Fischer             Josh Gorges              40     1   2  2  

Penalty Kill - 3 Players Forward 
   Forward                                           Time % Phy DF OF 
 1 Patrick Marleau                                   60     1   2  2  
 2 Rene Bourque                                      40     1   2  2  

Penalty Kill - 3 Players Defense
   Defense                  Defense                  Time % Phy DF OF 
 1 Dennis Wideman           Brett Clark              60     1   2  2  
 2 Jiri Fischer             Josh Gorges              40     1   2  2  

4 vs 4 Forward 
   Center                   Wing                     Time % Phy DF OF 
 1 Patrick Marleau          Rene Bourque             60     1   2  2  
 2 Marek Svatos             Sergei Samsonov          40     1   2  2  

4 vs 4 Defense
   Defense                  Defense                  Time % Phy DF OF 
 1 Dennis Wideman           Brett Clark              60     1   2  2  
 2 Jiri Fischer             Josh Gorges              40     1   2  2  

Last Minutes Offensive
   Center                   Left Wing                Right Wing               Defense                  Defense                  
   Mats Sundin              Patrick Marleau          Rene Bourque             Dennis Wideman           Brett Clark              

Last Minutes Defensive
   Center                   Left Wing                Right Wing               Defense                  Defense                  
   Mats Sundin              Patrick Marleau          Rene Bourque             Dennis Wideman           Brett Clark              

Goaltenders
Starting : Miika Kiprusoff          
Backup : Jonas Hiller             

Extra Forwards
Normal : Michel Ouellet, Mikael Samuelsson, Riley Cote - PP : Michel Ouellet, Mikael Samuelsson - PK : Riley Cote
Extra Defensemen
Normal : Ladislav Smid, Matt Carle, Jiri Fischer - PP : Ladislav Smid - PK : Matt Carle, Jiri Fischer
Penalty Shots
Patrick Marleau, Rene Bourque, Marek Svatos, Sergei Samsonov, Mats Sundin

Kings

5 vs 5 Forward 
   Center                   Left Wing                Right Wing               Time % Phy DF OF 
 1 Anze Kopitar             Milan Michalek           Jordan Eberle            40     1   1  3  
 2 Joe Sakic                Mikkel Boedker           Blake Wheeler            35     1   1  3  
 3 Brandon Dubinsky         Jamie Benn               Brian Gionta             20     0   3  2  
 4 Boyd Devereaux           Nikolai Kulemin          Nils Ekman               5      1   4  0  

5 vs 5 Defense 
   Defense                  Defense                                           Time % Phy DF OF 
 1 Pernell Karl Subban      Kristopher Letang                                 40     0   2  3  
 2 Nathan Dempsey           Marc-Édouard Vlasic                               35     0   3  2  
 3 Oliver Ekman-Larsson     Randy Jones                                       20     0   3  2  
 4 Oliver Ekman-Larsson     Kristopher Letang                                 5      0   3  2  

PowerPlay Forward 
   Center                   Left Wing                Right Wing               Time % Phy DF OF 
 1 Anze Kopitar             Mikkel Boedker           Jordan Eberle            60     0   1  4  
 2 Milan Michalek           Jamie Benn               Blake Wheeler            40     0   1  4  

PowerPlay Defense
   Defense                  Defense                                           Time % Phy DF OF 
 1 Oliver Ekman-Larsson     Marc-Édouard Vlasic                               60     0   2  3  
 2 Pernell Karl Subban      Kristopher Letang                                 40     0   2  3  

Penalty Kill 4 Players Forward 
   Center                   Wing                     Time % Phy DF OF 
 1 Joe Sakic                Boyd Devereaux           60     0   4  1  
 2 Blake Wheeler            Nils Ekman               40     0   4  1  

Penalty Kill 4 Players Defense
   Defense                  Defense                  Time % Phy DF OF 
 1 Randy Jones              Nathan Dempsey           60     1   4  0  
 2 Pernell Karl Subban      Kristopher Letang        40     1   4  0  

Penalty Kill - 3 Players Forward 
   Forward                                           Time % Phy DF OF 
 1 Boyd Devereaux                                    60     0   4  1  
 2 Anze Kopitar                                      40     0   4  1  

Penalty Kill - 3 Players Defense
   Defense                  Defense                  Time % Phy DF OF 
 1 Randy Jones              Nathan Dempsey           60     1   4  0  
 2 Pernell Karl Subban      Kristopher Letang        40     1   4  0  

4 vs 4 Forward 
   Center                   Wing                     Time % Phy DF OF 
 1 Anze Kopitar             Mikkel Boedker           60     1   2  2  
 2 Joe Sakic                Blake Wheeler            40     1   2  2  

4 vs 4 Defense
   Defense                  Defense                  Time % Phy DF OF 
 1 Nathan Dempsey           Randy Jones              60     1   2  2  
 2 Nathan Dempsey           Marc-Édouard Vlasic      40     1   2  2  

Last Minutes Offensive
   Center                   Left Wing                Right Wing               Defense                  Defense                  
   Anze Kopitar             Mikkel Boedker           Blake Wheeler            Pernell Karl Subban      Kristopher Letang        

Last Minutes Defensive
   Center                   Left Wing                Right Wing               Defense                  Defense                  
   Anze Kopitar             Milan Michalek           Blake Wheeler            Pernell Karl Subban      Kristopher Letang        

Goaltenders
Starting : Jonathan Bernier         
Backup : Ray Emery                

Extra Forwards
Normal : Anze Kopitar, Mikkel Boedker, Jordan Eberle - PP : Brandon Dubinsky, Nikolai Kulemin - PK : Anze Kopitar
Extra Defensemen
Normal : Pernell Karl Subban, Kristopher Letang, Oliver Ekman-Larsson - PP : Nathan Dempsey - PK : Marc-Édouard Vlasic, Oliver Ekman-Larsson
Penalty Shots
Anze Kopitar, Blake Wheeler, Mikkel Boedker, Milan Michalek, Nikolai Kulemin

% Time on Ice - Canadiens

Lines # - Real PCT - Wanted PCT - Time Play
Normal Forward
1 - 34% - 40% - 14:51
2 - 27% - 30% - 11:39
3 - 21% - 20% - 9:04
4 - 18% - 10% - 7:53
Normal Defense
1 - 35% - 40% - 15:22
2 - 35% - 30% - 15:23
3 - 26% - 20% - 11:15
4 - 3% - 10% - 1:27
PP Forward
1 - 56% - 60% - 5:54
2 - 44% - 40% - 4:42
PP Defense
1 - 61% - 60% - 6:30
2 - 39% - 40% - 4:06
PK Forward
1 - 69% - 60% - 4:06
2 - 31% - 40% - 1:51
PK Defense
1 - 63% - 60% - 3:44
2 - 37% - 40% - 2:13
PK3 Forward
1 - 0% - 60%
2 - 0% - 40%
PK3 Defense
1 - 0% - 60%
2 - 0% - 40%
44 Forward
1 - 100% - 60% - 0:28
2 - 0% - 40% - 0:00
44 Defense
1 - 100% - 60% - 0:28
2 - 0% - 40% - 0:00
Last Minute Offensive  - 0:00
Last Minute Defensive  - 0:00
Total
Forward - 60:28
Defense - 60:28

% Time on Ice - Kings

Lines # - Real PCT - Wanted PCT - Time Play
Normal Forward
1 - 37% - 40% - 16:04
2 - 30% - 35% - 13:06
3 - 20% - 20% - 8:37
4 - 13% - 5% - 5:40
Normal Defense
1 - 39% - 40% - 17:09
2 - 36% - 35% - 15:45
3 - 22% - 20% - 9:44
4 - 2% - 5% - 0:49
PP Forward
1 - 55% - 60% - 3:15
2 - 45% - 40% - 2:42
PP Defense
1 - 55% - 60% - 3:18
2 - 45% - 40% - 2:39
PK Forward
1 - 67% - 60% - 7:04
2 - 33% - 40% - 3:32
PK Defense
1 - 62% - 60% - 6:34
2 - 38% - 40% - 4:02
PK3 Forward
1 - 0% - 60%
2 - 0% - 40%
PK3 Defense
1 - 0% - 60%
2 - 0% - 40%
44 Forward
1 - 100% - 60% - 0:28
2 - 0% - 40% - 0:00
44 Defense
1 - 100% - 60% - 0:28
2 - 0% - 40% - 0:00
Last Minute Offensive  - 0:00
Last Minute Defensive  - 0:00
Total
Forward - 60:28
Defense - 60:28

Play by Play

1st period


0:01 of 1st period - Anze Kopitar wins face-off versus Mats Sundin in neutral zone.
0:31 of 1st period - Pernell Karl Subban is hit by Rene Bourque and loses puck.
0:47 of 1st period - Off-side.
0:48 of 1st period - Brooks Laich wins face-off versus Boyd Devereaux in neutral zone.
1:47 of 1st period - Icing by Oliver Ekman-Larsson.
1:48 of 1st period - Brooks Laich wins face-off versus Anze Kopitar in Kings zone.
2:01 of 1st period - Off-side.
2:02 of 1st period - Joe Sakic wins face-off versus Jamie Lundmark in neutral zone.
2:05 of 1st period - Jiri Fischer is hit by Joe Sakic and loses puck.
2:28 of 1st period - Pernell Karl Subban is hit by Mats Sundin.
2:49 of 1st period - Off-side.
2:50 of 1st period - Anze Kopitar wins face-off versus Brooks Laich in neutral zone.
3:23 of 1st period - Snap shot by Patrick Marleau.
3:23 of 1st period - Stopped by Jonathan Bernier with a rebound.
3:38 of 1st period - Off-side.
3:39 of 1st period - Yan Stastny wins face-off versus Brandon Dubinsky in neutral zone.
3:42 of 1st period - Snap shot by Josh Gorges.
3:42 of 1st period - Shot Blocked by Marc-Édouard Vlasic.
3:48 of 1st period - Wrist shot by Brandon Dubinsky.
3:48 of 1st period - Shot Misses the Net.
3:50 of 1st period - Snap shot by Brian Gionta.
3:50 of 1st period - Goal by Brian Gionta - Canadiens : 0 - Kings : 1.
3:51 of 1st period - Anze Kopitar wins face-off versus Brooks Laich in neutral zone.
4:09 of 1st period - Sergei Samsonov is hit by Kristopher Letang and loses puck.
4:17 of 1st period - Icing by Marek Svatos.
4:18 of 1st period - Joe Sakic wins face-off versus Brooks Laich in Canadiens zone.
4:19 of 1st period - Wrist shot by Mikkel Boedker.
4:19 of 1st period - Stopped by Miika Kiprusoff with a rebound.
4:45 of 1st period - Dennis Wideman is hit by Randy Jones and loses puck.
5:24 of 1st period - Wrist shot by Marc-Édouard Vlasic.
5:24 of 1st period - Stopped by Miika Kiprusoff without a rebound.
5:25 of 1st period - Boyd Devereaux wins face-off versus Yan Stastny in Canadiens zone.
5:40 of 1st period - Off-side.
5:41 of 1st period - Mats Sundin wins face-off versus Blake Wheeler in neutral zone.
6:51 of 1st period - Marc-Édouard Vlasic is hit by Mikael Samuelsson and loses puck.
7:18 of 1st period - Pernell Karl Subban is hit by Dennis Wideman and loses puck.
7:55 of 1st period - Slapshot by Dennis Wideman.
7:55 of 1st period - Stopped by Jonathan Bernier with a rebound.
7:57 of 1st period - Slapshot by Yan Stastny.
7:57 of 1st period - Shot Hit the Post.
7:59 of 1st period - Wrist shot by Brett Clark.
7:59 of 1st period - Deflect By Kristopher Letang.
7:59 of 1st period - Stopped by Jonathan Bernier without a rebound.
8:00 of 1st period - Patrick Marleau wins face-off versus Joe Sakic in Kings zone.
8:27 of 1st period - Jordan Eberle is hit by Sergei Samsonov and loses puck.
8:34 of 1st period - Wrist shot by Sergei Samsonov.
8:34 of 1st period - Stopped by Jonathan Bernier with a rebound.
8:36 of 1st period - Slapshot by Ladislav Smid.
8:36 of 1st period - Stopped by Jonathan Bernier without a rebound.
8:37 of 1st period - Joe Sakic wins face-off versus Jamie Lundmark in Kings zone.
8:37 of 1st period - Joe Sakic is hit by Michel Ouellet.
8:44 of 1st period - Marc-Édouard Vlasic is hit by Jamie Lundmark and loses puck.
9:52 of 1st period - Snap shot by Marc-Édouard Vlasic.
9:52 of 1st period - Stopped by Miika Kiprusoff without a rebound.
9:53 of 1st period - Mats Sundin wins face-off versus Anze Kopitar in Canadiens zone.
10:04 of 1st period - Snap shot by Rene Bourque.
10:04 of 1st period - Shot Misses the Net.
10:24 of 1st period - Wrist shot by Mikkel Boedker.
10:24 of 1st period - Shot Blocked by Brett Clark.
10:26 of 1st period - Slapshot by Kristopher Letang.
10:26 of 1st period - Shot Blocked by Sergei Samsonov.
10:28 of 1st period - Slapshot by Pernell Karl Subban.
10:28 of 1st period - Stopped by Miika Kiprusoff without a rebound.
10:29 of 1st period - Patrick Marleau wins face-off versus Anze Kopitar in Canadiens zone.
10:46 of 1st period - Patrick Marleau is hit by Oliver Ekman-Larsson and loses puck.
11:09 of 1st period - Wrist shot by Marek Svatos.
11:09 of 1st period - Stopped by Jonathan Bernier with a rebound.
11:30 of 1st period - Slapshot by Nikolai Kulemin.
11:30 of 1st period - Shot Blocked by Jamie Lundmark.
12:12 of 1st period - Brett Clark is hit by Pernell Karl Subban and loses puck.
12:31 of 1st period - Wrist shot by Mikkel Boedker.
12:31 of 1st period - Stopped by Miika Kiprusoff without a rebound.
12:32 of 1st period - Brooks Laich wins face-off versus Joe Sakic in Canadiens zone.
12:57 of 1st period - Mats Sundin is hit by Milan Michalek and loses puck.
13:42 of 1st period - Boyd Devereaux is hit by Yan Stastny.
14:06 of 1st period - Slapshot by Joe Sakic.
14:06 of 1st period - Goal by Joe Sakic - Canadiens : 0 - Kings : 2.
14:07 of 1st period - Mats Sundin wins face-off versus Anze Kopitar in neutral zone.
14:10 of 1st period - Wrist shot by Rene Bourque.
14:10 of 1st period - Shot Misses the Net.
14:32 of 1st period - Mikkel Boedker is hit by Sergei Samsonov and loses puck.
14:41 of 1st period - Slapshot by Sergei Samsonov.
14:41 of 1st period - Shot Misses the Net.
14:43 of 1st period - Minor Penalty to Mikkel Boedker for Roughing.
14:44 of 1st period - Mats Sundin wins face-off versus Joe Sakic in Kings zone.
14:53 of 1st period - Wrist shot by Rene Bourque.
14:53 of 1st period - Shot Misses the Net.
16:43 of 1st period - Penalty to Mikkel Boedker is over, Mikkel Boedker is back on ice.
16:46 of 1st period - Mikkel Boedker is hit by Riley Cote.
16:52 of 1st period - Riley Cote is hit by Mikkel Boedker and loses puck.
17:03 of 1st period - Mikkel Boedker is hit by Michel Ouellet and loses puck.
18:10 of 1st period - Matt Carle is hit by Nathan Dempsey and loses puck.
18:21 of 1st period - Snap shot by Brian Gionta.
18:21 of 1st period - Stopped by Miika Kiprusoff with a rebound.
18:23 of 1st period - Slapshot by Kristopher Letang.
18:23 of 1st period - Shot Blocked by Ladislav Smid.
19:11 of 1st period - Off-side.
19:12 of 1st period - Jamie Lundmark wins face-off versus Joe Sakic in neutral zone.
19:15 of 1st period - Blake Wheeler is hit by Brett Clark and loses puck.
19:40 of 1st period - Snap shot by Rene Bourque.
19:40 of 1st period - Stopped by Jonathan Bernier with a rebound.
19:42 of 1st period - Snap shot by Mats Sundin.
19:42 of 1st period - Stopped by Jonathan Bernier with a rebound.
19:52 of 1st period - Slapshot by Marc-Édouard Vlasic.
19:52 of 1st period - Stopped by Miika Kiprusoff without a rebound.
19:53 of 1st period - Brooks Laich wins face-off versus Brandon Dubinsky in Canadiens zone.
19:53 of 1st period - Brooks Laich is hit by Brandon Dubinsky.
Goals for this period are 0 for Canadiens vs 2 for Kings.
Shots for this period are 8 for Canadiens vs 9 for Kings.

2nd period


0:01 of 2nd period - Anze Kopitar wins face-off versus Mats Sundin in neutral zone.
0:26 of 2nd period - Marek Svatos is hit by Mikkel Boedker and loses puck.
0:36 of 2nd period - Icing by Brett Clark.
0:37 of 2nd period - Anze Kopitar wins face-off versus Brooks Laich in Canadiens zone.
0:46 of 2nd period - Wrist shot by Jordan Eberle.
0:46 of 2nd period - Shot Misses the Net.
0:48 of 2nd period - Snap shot by Anze Kopitar.
0:48 of 2nd period - Stopped by Miika Kiprusoff with a rebound.
0:50 of 2nd period - Slapshot by Marc-Édouard Vlasic.
0:50 of 2nd period - Stopped by Miika Kiprusoff with a rebound.
1:12 of 2nd period - Slapshot by Mikkel Boedker.
1:12 of 2nd period - Stopped by Miika Kiprusoff with a rebound.
1:46 of 2nd period - Slapshot by Kristopher Letang.
1:46 of 2nd period - Deflect By Josh Gorges.
1:46 of 2nd period - Stopped by Miika Kiprusoff without a rebound.
1:47 of 2nd period - Yan Stastny wins face-off versus Jordan Eberle in Canadiens zone.
2:18 of 2nd period - Slapshot by Patrick Marleau.
2:18 of 2nd period - Shot Blocked by Blake Wheeler.
2:20 of 2nd period - Slapshot by Josh Gorges.
2:20 of 2nd period - Shot Misses the Net.
2:22 of 2nd period - Snap shot by Rene Bourque.
2:22 of 2nd period - Stopped by Jonathan Bernier without a rebound.
2:23 of 2nd period - Anze Kopitar wins face-off versus Brooks Laich in Kings zone.
2:25 of 2nd period - Minor Penalty to Milan Michalek for Tripping.
2:26 of 2nd period - Joe Sakic wins face-off versus Mats Sundin in Kings zone.
2:26 of 2nd period - Joe Sakic is hit by Mats Sundin.
2:33 of 2nd period - Slapshot by Rene Bourque.
2:33 of 2nd period - Deflect By Mats Sundin.
2:33 of 2nd period - Stopped by Jonathan Bernier without a rebound.
2:34 of 2nd period - Mats Sundin wins face-off versus Joe Sakic in Kings zone.
4:25 of 2nd period - Penalty to Milan Michalek is over, Milan Michalek is back on ice.
4:30 of 2nd period - Slapshot by Michel Ouellet.
4:30 of 2nd period - Shot Misses the Net.
4:34 of 2nd period - Slapshot by Matt Carle.
4:34 of 2nd period - Stopped by Jonathan Bernier without a rebound.
4:35 of 2nd period - Jamie Lundmark wins face-off versus Brandon Dubinsky in Kings zone.
4:42 of 2nd period - Snap shot by Michel Ouellet.
4:42 of 2nd period - Deflect By Riley Cote.
4:42 of 2nd period - Shot Blocked by Nathan Dempsey.
4:42 of 2nd period - Puck is out of play.
4:43 of 2nd period - Brandon Dubinsky wins face-off versus Jamie Lundmark in Kings zone.
4:48 of 2nd period - Riley Cote is hit by Jamie Benn and loses puck.
4:57 of 2nd period - Slapshot by Michel Ouellet.
4:57 of 2nd period - Stopped by Jonathan Bernier without a rebound.
4:58 of 2nd period - Mats Sundin wins face-off versus Joe Sakic in Kings zone.
4:59 of 2nd period - Snap shot by Patrick Marleau.
4:59 of 2nd period - Shot Blocked by Joe Sakic.
5:11 of 2nd period - Snap shot by Joe Sakic.
5:11 of 2nd period - Shot Misses the Net.
5:13 of 2nd period - Slapshot by Pernell Karl Subban.
5:13 of 2nd period - Deflect By Mikkel Boedker.
5:13 of 2nd period - Shot Blocked by Brett Clark.
5:13 of 2nd period - Puck is out of play.
5:14 of 2nd period - Brooks Laich wins face-off versus Anze Kopitar in Canadiens zone.
5:21 of 2nd period - Wrist shot by Anze Kopitar.
5:21 of 2nd period - Deflect By Jordan Eberle.
5:21 of 2nd period - Stopped by Miika Kiprusoff with a rebound.
5:41 of 2nd period - Joe Sakic is hit by Patrick Marleau and loses puck.
5:48 of 2nd period - Slapshot by Patrick Marleau.
5:48 of 2nd period - Stopped by Jonathan Bernier without a rebound.
5:49 of 2nd period - Mats Sundin wins face-off versus Joe Sakic in Kings zone.
5:50 of 2nd period - Snap shot by Patrick Marleau.
5:50 of 2nd period - Shot Misses the Net.
6:14 of 2nd period - Anze Kopitar is hit by Sergei Samsonov and loses puck.
7:16 of 2nd period - Kristopher Letang is hit by Rene Bourque and loses puck.
7:33 of 2nd period - Slapshot by Pernell Karl Subban.
7:33 of 2nd period - Deflect By Anze Kopitar.
7:33 of 2nd period - Shot Misses the Net.
7:33 of 2nd period - Puck is out of play.
7:34 of 2nd period - Anze Kopitar wins face-off versus Brooks Laich in Canadiens zone.
7:53 of 2nd period - Nathan Dempsey is hit by Brooks Laich and loses puck.
8:10 of 2nd period - Wrist shot by Milan Michalek.
8:10 of 2nd period - Deflect By Jordan Eberle.
8:10 of 2nd period - Deflect By Brooks Laich.
8:10 of 2nd period - Stopped by Miika Kiprusoff with a rebound.
8:12 of 2nd period - Snap shot by Anze Kopitar.
8:12 of 2nd period - Stopped by Miika Kiprusoff with a rebound.
8:14 of 2nd period - Slapshot by Nathan Dempsey.
8:14 of 2nd period - Shot Misses the Net.
8:16 of 2nd period - Snap shot by Nathan Dempsey.
8:16 of 2nd period - Stopped by Miika Kiprusoff without a rebound.
8:17 of 2nd period - Joe Sakic wins face-off versus Mats Sundin in Canadiens zone.
8:18 of 2nd period - Snap shot by Mikkel Boedker.
8:18 of 2nd period - Shot Misses the Net.
8:20 of 2nd period - Snap shot by Blake Wheeler.
8:20 of 2nd period - Shot Misses the Net.
8:22 of 2nd period - Slapshot by Oliver Ekman-Larsson.
8:22 of 2nd period - Stopped by Miika Kiprusoff without a rebound.
8:23 of 2nd period - Joe Sakic wins face-off versus Rene Bourque in Canadiens zone.
8:36 of 2nd period - Slapshot by Blake Wheeler.
8:36 of 2nd period - Shot Blocked by Brett Clark.
8:38 of 2nd period - Slapshot by Oliver Ekman-Larsson.
8:38 of 2nd period - Shot Misses the Net.
9:50 of 2nd period - Off-side.
9:51 of 2nd period - Patrick Marleau wins face-off versus Boyd Devereaux in neutral zone.
10:00 of 2nd period - Patrick Marleau is hit by Kristopher Letang and loses puck.
10:05 of 2nd period - Snap shot by Nikolai Kulemin.
10:05 of 2nd period - Shot Misses the Net.
10:17 of 2nd period - Pernell Karl Subban is hit by Sergei Samsonov and loses puck.
10:45 of 2nd period - Minor Penalty to Nathan Dempsey for Holding.
10:46 of 2nd period - Joe Sakic wins face-off versus Patrick Marleau in Kings zone.
11:15 of 2nd period - Wrist shot by Marek Svatos.
11:15 of 2nd period - Stopped by Jonathan Bernier without a rebound.
11:16 of 2nd period - Brooks Laich wins face-off versus Blake Wheeler in Kings zone.
11:17 of 2nd period - Wrist shot by Marek Svatos.
11:17 of 2nd period - Shot Blocked by Blake Wheeler.
12:45 of 2nd period - Penalty to Nathan Dempsey is over, Nathan Dempsey is back on ice.
12:49 of 2nd period - Snap shot by Anze Kopitar.
12:49 of 2nd period - Stopped by Miika Kiprusoff without a rebound.
12:50 of 2nd period - Jamie Lundmark wins face-off versus Jordan Eberle in Canadiens zone.
12:50 of 2nd period - Jamie Lundmark is hit by Anze Kopitar.
12:58 of 2nd period - Wrist shot by Michel Ouellet.
12:58 of 2nd period - Shot Misses the Net.
13:22 of 2nd period - Brandon Dubinsky is hit by Brandon Prust and loses puck.
13:47 of 2nd period - Mikkel Boedker is hit by Josh Gorges and loses puck.
14:08 of 2nd period - Wrist shot by Milan Michalek.
14:08 of 2nd period - Stopped by Miika Kiprusoff with a rebound.
14:10 of 2nd period - Snap shot by Anze Kopitar.
14:10 of 2nd period - Shot Misses the Net.
14:12 of 2nd period - Slapshot by Anze Kopitar.
14:12 of 2nd period - Shot Blocked by Brett Clark.
14:14 of 2nd period - Slapshot by Jordan Eberle.
14:14 of 2nd period - Shot Blocked by Dennis Wideman.
14:16 of 2nd period - Slapshot by Pernell Karl Subban.
14:16 of 2nd period - Stopped by Miika Kiprusoff without a rebound.
14:17 of 2nd period - Mats Sundin wins face-off versus Brandon Dubinsky in Canadiens zone.
14:27 of 2nd period - Minor Penalty to Jamie Benn for Interference.
14:28 of 2nd period - Joe Sakic wins face-off versus Mats Sundin in Kings zone.
14:56 of 2nd period - Slapshot by Brett Clark.
14:56 of 2nd period - Shot Misses the Net.
14:58 of 2nd period - Slapshot by Brett Clark.
14:58 of 2nd period - Deflect By Marek Svatos.
14:58 of 2nd period - Stopped by Jonathan Bernier with a rebound.
15:00 of 2nd period - Slapshot by Brett Clark.
15:00 of 2nd period - Shot Misses the Net.
15:02 of 2nd period - Slapshot by Dennis Wideman.
15:02 of 2nd period - Shot Misses the Net.
15:04 of 2nd period - Wrist shot by Marek Svatos.
15:04 of 2nd period - Shot Misses the Net.
15:06 of 2nd period - Snap shot by Sergei Samsonov.
15:06 of 2nd period - Stopped by Jonathan Bernier without a rebound.
15:07 of 2nd period - Patrick Marleau wins face-off versus Joe Sakic in Kings zone.
15:08 of 2nd period - Wrist shot by Rene Bourque.
15:08 of 2nd period - Goal by Rene Bourque - Canadiens : 1 - Kings : 2.
15:09 of 2nd period - Anze Kopitar wins face-off versus Mats Sundin in neutral zone.
15:21 of 2nd period - Minor Penalty to Anze Kopitar for Elbowing.
15:22 of 2nd period - Boyd Devereaux wins face-off versus Mats Sundin in Kings zone.
15:33 of 2nd period - Snap shot by Rene Bourque.
15:33 of 2nd period - Stopped by Jonathan Bernier with a rebound.
16:37 of 2nd period - Slapshot by Marek Svatos.
16:37 of 2nd period - Stopped by Jonathan Bernier without a rebound.
16:38 of 2nd period - Mats Sundin wins face-off versus Blake Wheeler in Kings zone.
16:47 of 2nd period - Slapshot by Rene Bourque.
16:47 of 2nd period - Stopped by Jonathan Bernier without a rebound.
16:48 of 2nd period - Blake Wheeler wins face-off versus Mats Sundin in Kings zone.
16:48 of 2nd period - Blake Wheeler is hit by Patrick Marleau.
17:06 of 2nd period - Randy Jones is hit by Patrick Marleau and loses puck.
17:13 of 2nd period - Wrist shot by Rene Bourque.
17:13 of 2nd period - Shot Misses the Net.
17:15 of 2nd period - Wrist shot by Rene Bourque.
17:15 of 2nd period - Shot Blocked by Nathan Dempsey.
17:17 of 2nd period - Wrist shot by Patrick Marleau.
17:17 of 2nd period - Shot Blocked by Randy Jones.
17:19 of 2nd period - Wrist shot by Mats Sundin.
17:19 of 2nd period - Shot Misses the Net.
17:21 of 2nd period - Penalty to Anze Kopitar is over, Anze Kopitar is back on ice.
17:21 of 2nd period - Slapshot by Josh Gorges.
17:21 of 2nd period - Stopped by Jonathan Bernier without a rebound.
17:22 of 2nd period - Brooks Laich wins face-off versus Anze Kopitar in Kings zone.
17:27 of 2nd period - Snap shot by Sergei Samsonov.
17:27 of 2nd period - Shot Misses the Net.
17:35 of 2nd period - Slapshot by Marek Svatos.
17:35 of 2nd period - Stopped by Jonathan Bernier without a rebound.
17:36 of 2nd period - Anze Kopitar wins face-off versus Mats Sundin in Kings zone.
18:09 of 2nd period - Dennis Wideman is hit by Pernell Karl Subban and loses puck.
18:34 of 2nd period - Michel Ouellet is hit by Pernell Karl Subban and loses puck.
19:26 of 2nd period - Wrist shot by Boyd Devereaux.
19:26 of 2nd period - Stopped by Miika Kiprusoff with a rebound.
19:28 of 2nd period - Slapshot by Randy Jones.
19:28 of 2nd period - Stopped by Miika Kiprusoff with a rebound.
19:35 of 2nd period - Icing by Brooks Laich.
19:36 of 2nd period - Anze Kopitar wins face-off versus Brooks Laich in Canadiens zone.
19:39 of 2nd period - Snap shot by Milan Michalek.
19:39 of 2nd period - Stopped by Miika Kiprusoff without a rebound.
19:40 of 2nd period - Jordan Eberle wins face-off versus Mats Sundin in Canadiens zone.
19:55 of 2nd period - Wrist shot by Milan Michalek.
19:55 of 2nd period - Stopped by Miika Kiprusoff with a rebound.
Goals for this period are 1 for Canadiens vs 0 for Kings.
Shots for this period are 14 for Canadiens vs 16 for Kings.

3rd period


0:01 of 3rd period - Mats Sundin wins face-off versus Joe Sakic in neutral zone.
0:26 of 3rd period - Wrist shot by Marek Svatos.
0:26 of 3rd period - Shot Misses the Net.
0:28 of 3rd period - Snap shot by Brooks Laich.
0:28 of 3rd period - Stopped by Jonathan Bernier with a rebound.
0:46 of 3rd period - Jamie Lundmark is hit by Jamie Benn and loses puck.
0:53 of 3rd period - Wrist shot by Brandon Dubinsky.
0:53 of 3rd period - Stopped by Miika Kiprusoff with a rebound.
1:03 of 3rd period - Minor Penalty to Josh Gorges for Goalie Interference.
1:04 of 3rd period - Anze Kopitar wins face-off versus Patrick Marleau in Canadiens zone.
1:15 of 3rd period - Slapshot by Anze Kopitar.
1:15 of 3rd period - Shot Misses the Net.
1:17 of 3rd period - Slapshot by Kristopher Letang.
1:17 of 3rd period - Stopped by Miika Kiprusoff with a rebound.
1:19 of 3rd period - Snap shot by Kristopher Letang.
1:19 of 3rd period - Shot Blocked by Dennis Wideman.
2:13 of 3rd period - Slapshot by Brett Clark.
2:13 of 3rd period - Stopped by Jonathan Bernier with a rebound.
2:33 of 3rd period - Brooks Laich is hit by Anze Kopitar and loses puck.
3:03 of 3rd period - Penalty to Josh Gorges is over, Josh Gorges is back on ice.
3:11 of 3rd period - Slapshot by Kristopher Letang.
3:11 of 3rd period - Deflect By Patrick Marleau.
3:11 of 3rd period - Stopped by Miika Kiprusoff without a rebound.
3:12 of 3rd period - Boyd Devereaux wins face-off versus Brooks Laich in Canadiens zone.
3:15 of 3rd period - Snap shot by Nils Ekman.
3:15 of 3rd period - Shot Misses the Net.
4:18 of 3rd period - Icing by Josh Gorges.
4:19 of 3rd period - Mats Sundin wins face-off versus Anze Kopitar in Canadiens zone.
5:22 of 3rd period - Patrick Marleau is hit by Nathan Dempsey and loses puck.
5:43 of 3rd period - Mats Sundin is hit by Marc-Édouard Vlasic and loses puck.
5:48 of 3rd period - Snap shot by Milan Michalek.
5:48 of 3rd period - Shot Misses the Net.
5:52 of 3rd period - Wrist shot by Jordan Eberle.
5:52 of 3rd period - Stopped by Miika Kiprusoff without a rebound.
5:53 of 3rd period - Sergei Samsonov wins face-off versus Joe Sakic in Canadiens zone.
5:53 of 3rd period - Sergei Samsonov is hit by Mikkel Boedker.
5:59 of 3rd period - Blake Wheeler is hit by Marek Svatos and loses puck.
6:18 of 3rd period - Kristopher Letang is hit by Riley Cote and loses puck.
6:23 of 3rd period - Slapshot by Jamie Lundmark.
6:23 of 3rd period - Deflect By Brian Gionta.
6:23 of 3rd period - Shot Blocked by Pernell Karl Subban.
6:23 of 3rd period - Pernell Karl Subban from Kings is injured at 6:23 of 3rd period (Broken Right Thumb).
6:24 of 3rd period - Mats Sundin wins face-off versus Mikkel Boedker in Kings zone.
6:31 of 3rd period - Snap shot by Rene Bourque.
6:31 of 3rd period - Stopped by Jonathan Bernier with a rebound.
6:33 of 3rd period - Snap shot by Rene Bourque.
6:33 of 3rd period - Stopped by Jonathan Bernier without a rebound.
6:34 of 3rd period - Joe Sakic wins face-off versus Mats Sundin in Kings zone.
6:34 of 3rd period - Joe Sakic is hit by Patrick Marleau.
7:13 of 3rd period - Icing by Kristopher Letang.
7:14 of 3rd period - Joe Sakic wins face-off versus Brooks Laich in Kings zone.
7:28 of 3rd period - Minor Penalty to Brooks Laich for Holding.
7:29 of 3rd period - Patrick Marleau wins face-off versus Anze Kopitar in Canadiens zone.
8:04 of 3rd period - Rene Bourque is hit by Milan Michalek and loses puck.
8:19 of 3rd period - Kristopher Letang is hit by Sergei Samsonov.
9:28 of 3rd period - Penalty to Brooks Laich is over, Brooks Laich is back on ice.
9:48 of 3rd period - Slapshot by Dennis Wideman.
9:48 of 3rd period - Shot Misses the Net.
10:08 of 3rd period - Randy Jones is hit by Matt Carle and loses puck.
10:40 of 3rd period - Minor Penalty to Marc-Édouard Vlasic for Interference.
10:41 of 3rd period - Mats Sundin wins face-off versus Joe Sakic in Kings zone.
11:05 of 3rd period - Joe Sakic is hit by Brooks Laich and loses puck.
11:10 of 3rd period - Snap shot by Sergei Samsonov.
11:10 of 3rd period - Stopped by Jonathan Bernier with a rebound.
11:14 of 3rd period - Snap shot by Sergei Samsonov.
11:14 of 3rd period - Stopped by Jonathan Bernier without a rebound.
11:15 of 3rd period - Rene Bourque wins face-off versus Blake Wheeler in Kings zone.
11:18 of 3rd period - Wrist shot by Rene Bourque.
11:18 of 3rd period - Shot Misses the Net.
11:24 of 3rd period - Slapshot by Kristopher Letang.
11:24 of 3rd period - Stopped by Miika Kiprusoff with a rebound.
11:55 of 3rd period - Off-side.
11:56 of 3rd period - Joe Sakic wins face-off versus Mats Sundin in neutral zone.
12:40 of 3rd period - Penalty to Marc-Édouard Vlasic is over, Marc-Édouard Vlasic is back on ice.
12:40 of 3rd period - Oliver Ekman-Larsson is hit by Patrick Marleau and loses puck.
12:51 of 3rd period - Josh Gorges is hit by Oliver Ekman-Larsson and loses puck.
13:34 of 3rd period - Yan Stastny is hit by Mikkel Boedker and loses puck.
13:59 of 3rd period - Oliver Ekman-Larsson is hit by Rene Bourque and loses puck.
14:14 of 3rd period - Icing by Patrick Marleau.
14:15 of 3rd period - Boyd Devereaux wins face-off versus Mats Sundin in Canadiens zone.
14:24 of 3rd period - Wrist shot by Patrick Marleau.
14:24 of 3rd period - Stopped by Jonathan Bernier with a rebound.
14:26 of 3rd period - Snap shot by Rene Bourque.
14:26 of 3rd period - Shot Blocked by Nathan Dempsey.
14:57 of 3rd period - Minor Penalty to Mats Sundin for Interference.
14:58 of 3rd period - Mikkel Boedker wins face-off versus Patrick Marleau in Canadiens zone.
16:57 of 3rd period - Penalty to Mats Sundin is over, Mats Sundin is back on ice.
17:07 of 3rd period - Snap shot by Rene Bourque.
17:07 of 3rd period - Shot Misses the Net.
17:09 of 3rd period - Snap shot by Ladislav Smid.
17:09 of 3rd period - Shot Blocked by Kristopher Letang.
17:11 of 3rd period - Slapshot by Sergei Samsonov.
17:11 of 3rd period - Shot Misses the Net.
17:13 of 3rd period - Wrist shot by Marek Svatos.
17:13 of 3rd period - Shot Blocked by Nathan Dempsey.
17:51 of 3rd period - Brandon Prust is hit by Mikkel Boedker and loses puck.
18:18 of 3rd period - Wrist shot by Riley Cote.
18:18 of 3rd period - Goal by Riley Cote - Canadiens : 2 - Kings : 2.
18:19 of 3rd period - Anze Kopitar wins face-off versus Jamie Lundmark in neutral zone.
18:28 of 3rd period - Snap shot by Jordan Eberle.
18:28 of 3rd period - Deflect By Jamie Lundmark.
18:28 of 3rd period - Stopped by Miika Kiprusoff without a rebound.
18:29 of 3rd period - Anze Kopitar wins face-off versus Jamie Lundmark in Canadiens zone.
18:44 of 3rd period - Jamie Lundmark is hit by Anze Kopitar and loses puck.
19:11 of 3rd period - Wrist shot by Jamie Lundmark.
19:11 of 3rd period - Shot Blocked by Oliver Ekman-Larsson.
19:13 of 3rd period - Slapshot by Dennis Wideman.
19:13 of 3rd period - Deflect By Jamie Lundmark.
19:13 of 3rd period - Stopped by Jonathan Bernier without a rebound.
19:14 of 3rd period - Brooks Laich wins face-off versus Brandon Dubinsky in Kings zone.
Goals for this period are 1 for Canadiens vs 0 for Kings.
Shots for this period are 9 for Canadiens vs 6 for Kings.

Overtime #1


0:01 of 1st overtime period - Anze Kopitar wins face-off versus Patrick Marleau in neutral zone.
0:06 of 1st overtime period - Slapshot by Mikkel Boedker.
0:06 of 1st overtime period - Deflect By Anze Kopitar.
0:06 of 1st overtime period - Stopped by Miika Kiprusoff without a rebound.
0:07 of 1st overtime period - Patrick Marleau wins face-off versus Anze Kopitar in Canadiens zone.
0:28 of 1st overtime period - Snap shot by Anze Kopitar.
0:28 of 1st overtime period - Goal by Anze Kopitar - Canadiens : 2 - Kings : 3.
Goals for this period are 0 for Canadiens vs 1 for Kings.
Shots for this period are 0 for Canadiens vs 2 for Kings.


Output by the SimonT Hockey Simulator (STHS) for François Prévost -- Original Page W3C XHTML 1.0 Valid
Hockey Simulator - Hockey Simulation - Hockey Manager